Icehogs vs Moose

Created - May 18, 2025 at 19:11

Goals
1 2 3 T
Icehogs 0 4 1 5
Moose 4 1 3 8
Shots
1 2 3 T
Icehogs 10 17 8 35
Moose 16 6 8 30

1st period

1. Moose , Morgan Barron 20 (Mitchell Stephens 15, Lukas Rousek 10) at 5:09
2. Moose , Reid Boucher 11 (Morgan Geekie 26) at 6:54
3. Moose , Ludwig Bystrom 14 (Nick Paul 36, Jake Leschyshyn 48) at 9:03
4. Moose , Morgan Geekie 27 (Eetu Luostarinen 48) at 19:13

Penalties :
No Penalty

2nd period

5. Icehogs , Hudson Fasching 58 (Mikhail Grigorenko 59, Andrew Poturalski 51) at 13:03 (PP)
6. Icehogs , Hudson Fasching 59 (Mikhail Grigorenko 60, Andrew Poturalski 52) at 15:01
7. Icehogs , Calle Andersson 8 (Mikhail Grigorenko 61, Andrew Poturalski 53) at 15:09 (PP)
8. Icehogs , Hudson Fasching 60 (Calle Andersson 31, Mikhail Grigorenko 62) at 15:47 (PP)
9. Moose , Nick Paul 27 (Jake Leschyshyn 49, Josh Mahura 27) at 18:17

Penalties :
Aliaksei Protas (Man) for Tripping (Minor) at 1:46, Riley Damiani (Man) for Hooking (Minor) at 12:50, Ludwig Bystrom (Man) for Holding (Minor) at 15:06, Reid Boucher (Man) for Tripping (Minor) at 15:15, Jonny Tychonick (Man) for Cross-checking (Minor) at 19:33

3rd period

10. Icehogs , Andrew Poturalski 24 (Calle Andersson 32) at 0:20 (PP)
11. Moose , Lukas Rousek 12 (Morgan Barron 17, Axel Jonsson-Fjallby 14) at 4:51
12. Moose , Morgan Geekie 28 (Eetu Luostarinen 49, Reid Boucher 11) at 11:29
13. Moose , Riley Damiani 5 (Juuso Valimaki 50, Aliaksei Protas 9) at 17:52

Penalties :
Caleb Jones (Man) for Holding (Minor) at 7:34, Hudson Fasching (Roc) for Roughing (Minor) at 11:51, Riley Damiani (Man) for Roughing (Minor) at 19:07, Jake Leschyshyn (Man) for Interference (Minor) at 19:41

Goalie Stats

Mackenzie Blackwood (Roc), 12 saves from 16 shots - (0.750), 19:13 minutes
Oscar Dansk (Roc), 10 saves from 14 shots - (0.714), L, 8-9-1, 40:47 minutes
Filip Gustavsson (Man), 30 saves from 35 shots - (0.857), W, 37-30-3, 60:00 minutes

Players Stats for Icehogs

Player Name              G  A  P  +/- PIM S  H  SB GA TA FO     MP     PP MP  PK MP  
------------------------------------------------------------------------------------
                         0  0  0   0  0   0  0  0  0  0  0/0     0:00   0:00   0:00 
                         0  0  0   0  0   0  0  0  0  0  0/0     0:00   0:00   0:00 
                         0  0  0   0  0   0  0  0  0  0  0/0     0:00   0:00   0:00 
Andrew Poturalski        1  3  4  -2  0   3  0  0  1  0  22/41  21:20   4:23   0:00 
Antoine Morand           0  0  0   0  0   0  0  0  0  0  0/0     0:49   0:01   0:00 
Ben Johnson              0  0  0  -3  0   2  2  0  1  1  1/6    12:18   0:00   0:44 
Calle Andersson          1  2  3  -2  0   2  1  1  1  2  0/0    27:25   4:05   1:09 
Clark Bishop             0  0  0  -1  0   0  0  0  1  0  0/0     2:45   0:01   0:09 
Declan Chisholm          0  0  0  -2  0   0  0  2  1  1  0/0    20:24   2:20   0:50 
Dillon Dube              0  0  0  -1  0   0  1  0  0  1  4/9    17:50   2:01   0:00 
Egor Afanasyev           0  0  0   0  0   0  0  0  0  0  0/0     0:00   0:00   0:00 
Gabriel Fortier          0  0  0  -1  0   3  2  0  0  0  0/0     6:46   0:00   0:18 
Hudson Fasching          3  0  3  -2  2   7  1  0  3  0  1/2    21:25   4:23   0:00 
Jackson Cates            0  0  0   0  0   0  0  0  0  0  0/0     0:50   0:00   0:50 
Jeremy Davies            0  0  0  -2  0   2  1  2  0  1  0/0    27:25   4:05   1:09 
JJ. Piccinich            0  0  0  -3  0   1  0  0  0  1  0/1    12:23   0:01   0:00 
Kristian Reichel         0  0  0   0  0   0  0  0  0  0  0/0     0:00   0:00   0:00 
Maxim Letunov            0  0  0  -3  0   1  3  0  0  1  1/1    16:52   0:00   0:00 
Mikhail Grigorenko       0  4  4  -2  0   5  2  0  0  2  5/5    22:26   4:23   1:06 
Mitchell Chaffee         0  0  0  -1  0   2  0  0  0  0  0/0     6:22   0:00   0:00 
Nikita Okhotyuk          0  0  0  -3  0   0  0  2  0  0  0/0    12:11   0:00   0:00 
Nikita Scherbak          0  0  0  -1  0   1  1  1  0  0  0/0    17:50   2:01   0:00 
Nils Hoglander           0  0  0  -1  0   4  3  0  0  0  0/0    17:50   2:01   0:00 
Ross Johnston            0  0  0  -3  0   0  0  0  0  0  0/0    12:25   0:00   0:51 
Zach Whitecloud          0  0  0  -2  0   2  0  1  0  1  0/0    20:24   2:20   0:50 

Players Stats for Moose

Player Name              G  A  P  +/- PIM S  H  SB GA TA FO     MP     PP MP  PK MP  
------------------------------------------------------------------------------------
                         0  0  0   0  0   0  0  0  0  0  0/0     0:00   0:00   0:00 
                         0  0  0   0  0   0  0  0  0  0  0/0     0:00   0:00   0:00 
                         0  0  0   0  0   0  0  0  0  0  0/0     0:00   0:00   0:00 
                         0  0  0   0  0   0  0  0  0  0  0/0     0:00   0:00   0:00 
                         0  0  0   0  0   0  0  0  0  0  0/0     0:00   0:00   0:00 
                         0  0  0   0  0   0  0  0  0  0  0/0     0:00   0:00   0:00 
                         0  0  0   0  0   0  0  0  0  0  0/0     0:00   0:00   0:00 
Aliaksei Protas          0  1  1   0  2   0  2  0  0  1  0/1    10:53   0:00   0:00 
Axel Jonsson-Fjallby     0  1  1   0  0   3  0  0  2  0  0/2    10:52   0:00   0:00 
Caleb Jones              0  0  0   2  2   0  1  2  0  0  0/0    18:03   0:53   1:15 
Eetu Luostarinen         0  2  2   3  0   3  3  3  1  0  1/2    22:11   1:05   4:08 
Jake Leschyshyn          0  2  2   2  2   2  1  0  1  2  7/10   15:30   0:54   1:26 
Joey Keane               0  0  0   4  0   1  2  0  0  1  0/0    13:16   0:00   0:37 
Jonny Tychonick          0  0  0   4  2   1  0  0  0  0  0/0    12:38   0:00   0:00 
Josh Mahura              0  1  1   2  0   1  1  1  0  0  0/0    19:14   0:53   2:24 
Julien Gauthier          0  0  0   2  0   0  1  1  0  0  1/2    15:31   0:54   1:21 
Juuso Valimaki           0  1  1   1  0   1  3  1  1  1  0/0    28:46   1:06   4:33 
Ludwig Bystrom           1  0  1   1  2   3  1  1  1  0  0/0    28:06   1:06   4:01 
Lukas Rousek             1  1  2   2  0   2  0  2  1  0  0/0    10:30   0:00   0:00 
Mitchell Stephens        0  1  1   2  0   0  0  0  0  1  2/5    10:30   0:00   0:00 
Morgan Barron            1  1  2   2  0   1  0  0  1  1  0/0    11:18   0:00   0:42 
Morgan Geekie            2  1  3   3  0   6  0  0  1  0  2/2    18:01   1:05   0:00 
Nick Paul                1  1  2   2  0   2  1  0  2  0  0/0    15:09   0:54   1:05 
Reid Boucher             1  1  2   3  2   3  0  0  0  1  14/32  21:51   1:05   3:49 
Riley Damiani            1  0  1   0  4   1  0  0  0  0  4/9    10:50   0:00   0:00 

3 Stars

1 - Morgan Geekie (Man)
2 - Eetu Luostarinen (Man)
3 - Nick Paul (Man)

Power Play

Icehogs - 4 on 8 Attempt(s) - 50.00%
Moose - 0 on 1 Attempt(s) - 0.00%

Penalty Kill

Icehogs - 1 on 1 Attempt(s) - 100.00% - Score 0 goal in Penalty Kill
Moose - 4 on 8 Attempt(s) - 50.00% - Score 0 goal in Penalty Kill

Team Stat

Icehogs - Hits : 17 - Faceoff Wins : 34 - Blocked Shots : 9 - Penalty Minutes : 2
Moose - Hits : 16 - Faceoff Wins : 31 - Blocked Shots : 11 - Penalty Minutes : 16

Official

Referees : Wes McCauley and Dan Kelly
Linesman : Steve Barton and Brad Kovachik

Game Notes

5:09 of 1st period - Moose goal is going for a video replay. After video review, Goal.
Oscar Dansk enters game at 19:13 of 1st period
Hudson Fasching has scored a Hat Trick!

Finance

Level 1 -- Attendance: 1777 (88.85%) -- Ticket Income $124,390
Level 2 -- Attendance: 932 (93.20%) -- Ticket Income $37,280
Total Attendance: 2709 (90.30%)
Total Ticket Income: $161,670
Other Income: $8,084
Total Income: $169,754

Icehogs

5 vs 5 Forward 
   Center                   Left Wing                Right Wing               Time % Phy DF OF 
 1 Andrew Poturalski        Mikhail Grigorenko       Hudson Fasching          40     1   2  2  
 2 Dillon Dube              Nils Hoglander           Nikita Scherbak          30     1   2  2  
 3 Ben Johnson              Ross Johnston            JJ. Piccinich            20     1   2  2  
 4 Maxim Letunov            Gabriel Fortier          Mitchell Chaffee         10     1   2  2  

5 vs 5 Defense 
   Defense                  Defense                                           Time % Phy DF OF 
 1 Jeremy Davies            Calle Andersson                                   40     1   2  2  
 2 Zach Whitecloud          Declan Chisholm                                   30     1   2  2  
 3 Nikita Okhotyuk          Maxim Letunov                                     20     1   2  2  
 4 Jeremy Davies            Calle Andersson                                   10     1   2  2  

PowerPlay Forward 
   Center                   Left Wing                Right Wing               Time % Phy DF OF 
 1 Andrew Poturalski        Mikhail Grigorenko       Hudson Fasching          60     1   2  2  
 2 Dillon Dube              Nils Hoglander           Nikita Scherbak          40     1   2  2  

PowerPlay Defense
   Defense                  Defense                                           Time % Phy DF OF 
 1 Jeremy Davies            Calle Andersson                                   60     1   2  2  
 2 Zach Whitecloud          Declan Chisholm                                   40     1   2  2  

Penalty Kill 4 Players Forward 
   Center                   Wing                     Time % Phy DF OF 
 1 Mikhail Grigorenko       Hudson Fasching          60     1   2  2  
 2 Andrew Poturalski        Dillon Dube              40     1   2  2  

Penalty Kill 4 Players Defense
   Defense                  Defense                  Time % Phy DF OF 
 1 Jeremy Davies            Calle Andersson          60     1   2  2  
 2 Zach Whitecloud          Declan Chisholm          40     1   2  2  

Penalty Kill - 3 Players Forward 
   Forward                                           Time % Phy DF OF 
 1 Mikhail Grigorenko                                60     1   2  2  
 2 Hudson Fasching                                   40     1   2  2  

Penalty Kill - 3 Players Defense
   Defense                  Defense                  Time % Phy DF OF 
 1 Jeremy Davies            Calle Andersson          60     1   2  2  
 2 Zach Whitecloud          Declan Chisholm          40     1   2  2  

4 vs 4 Forward 
   Center                   Wing                     Time % Phy DF OF 
 1 Mikhail Grigorenko       Hudson Fasching          60     1   2  2  
 2 Andrew Poturalski        Dillon Dube              40     1   2  2  

4 vs 4 Defense
   Defense                  Defense                  Time % Phy DF OF 
 1 Jeremy Davies            Calle Andersson          60     1   2  2  
 2 Zach Whitecloud          Declan Chisholm          40     1   2  2  

Last Minutes Offensive
   Center                   Left Wing                Right Wing               Defense                  Defense                  
   Andrew Poturalski        Mikhail Grigorenko       Hudson Fasching          Jeremy Davies            Calle Andersson          

Last Minutes Defensive
   Center                   Left Wing                Right Wing               Defense                  Defense                  
   Andrew Poturalski        Mikhail Grigorenko       Hudson Fasching          Jeremy Davies            Calle Andersson          

Goaltenders
Starting : Mackenzie Blackwood      
Backup : Oscar Dansk              

Extra Forwards
Normal : Clark Bishop, Antoine Morand, Jackson Cates - PP : Clark Bishop, Antoine Morand - PK : Jackson Cates
Extra Defensemen
Normal : Nikita Okhotyuk, Zach Whitecloud, Declan Chisholm - PP : Nikita Okhotyuk - PK : Zach Whitecloud, Declan Chisholm
Penalty Shots
Mikhail Grigorenko, Hudson Fasching, Andrew Poturalski, Dillon Dube, Nikita Scherbak
Custom OT Lines Forwards
Mikhail Grigorenko, Hudson Fasching, Andrew Poturalski, Dillon Dube, Nikita Scherbak, Ben Johnson, Nils Hoglander, Maxim Letunov, Clark Bishop, Ross Johnston
Custom OT Lines Defensemen
Jeremy Davies, Calle Andersson, Zach Whitecloud, Declan Chisholm, Nikita Okhotyuk

Scratches
Julius Honka (Broken Left Index Finger Injury), Patrick Sieloff (Healthy), Petr Kvaca (Healthy)

Moose

5 vs 5 Forward 
   Center                   Left Wing                Right Wing               Time % Phy DF OF 
 1 Reid Boucher             Eetu Luostarinen         Morgan Geekie            35     1   2  2  
 2 Jake Leschyshyn          Nick Paul                Julien Gauthier          25     1   2  2  
 3 Mitchell Stephens        Morgan Barron            Lukas Rousek             20     1   2  2  
 4 Riley Damiani            Axel Jonsson-Fjallby     Aliaksei Protas          20     1   2  2  

5 vs 5 Defense 
   Defense                  Defense                                           Time % Phy DF OF 
 1 Ludwig Bystrom           Juuso Valimaki                                    40     1   2  2  
 2 Caleb Jones              Josh Mahura                                       30     1   2  2  
 3 Joey Keane               Jonny Tychonick                                   20     1   2  2  
 4 Ludwig Bystrom           Juuso Valimaki                                    10     1   2  2  

PowerPlay Forward 
   Center                   Left Wing                Right Wing               Time % Phy DF OF 
 1 Reid Boucher             Eetu Luostarinen         Morgan Geekie            60     1   2  2  
 2 Jake Leschyshyn          Nick Paul                Julien Gauthier          40     1   2  2  

PowerPlay Defense
   Defense                  Defense                                           Time % Phy DF OF 
 1 Ludwig Bystrom           Juuso Valimaki                                    60     1   2  2  
 2 Caleb Jones              Josh Mahura                                       40     1   2  2  

Penalty Kill 4 Players Forward 
   Center                   Wing                     Time % Phy DF OF 
 1 Reid Boucher             Eetu Luostarinen         60     1   2  2  
 2 Jake Leschyshyn          Nick Paul                40     1   2  2  

Penalty Kill 4 Players Defense
   Defense                  Defense                  Time % Phy DF OF 
 1 Ludwig Bystrom           Juuso Valimaki           60     1   2  2  
 2 Caleb Jones              Josh Mahura              40     1   2  2  

Penalty Kill - 3 Players Forward 
   Forward                                           Time % Phy DF OF 
 1 Reid Boucher                                      60     1   2  2  
 2 Jake Leschyshyn                                   40     1   2  2  

Penalty Kill - 3 Players Defense
   Defense                  Defense                  Time % Phy DF OF 
 1 Ludwig Bystrom           Juuso Valimaki           60     1   2  2  
 2 Caleb Jones              Josh Mahura              40     1   2  2  

4 vs 4 Forward 
   Center                   Wing                     Time % Phy DF OF 
 1 Reid Boucher             Eetu Luostarinen         60     1   2  2  
 2 Jake Leschyshyn          Nick Paul                40     1   2  2  

4 vs 4 Defense
   Defense                  Defense                  Time % Phy DF OF 
 1 Ludwig Bystrom           Juuso Valimaki           60     1   2  2  
 2 Caleb Jones              Josh Mahura              40     1   2  2  

Last Minutes Offensive
   Center                   Left Wing                Right Wing               Defense                  Defense                  
   Reid Boucher             Eetu Luostarinen         Morgan Geekie            Ludwig Bystrom           Juuso Valimaki           

Last Minutes Defensive
   Center                   Left Wing                Right Wing               Defense                  Defense                  
   Reid Boucher             Eetu Luostarinen         Morgan Geekie            Ludwig Bystrom           Juuso Valimaki           

Goaltenders
Starting : Filip Gustavsson         
Backup : Daniel Vladar            

Extra Forwards
Normal : Julien Gauthier, Morgan Barron, Jake Leschyshyn - PP : Julien Gauthier, Morgan Barron - PK : Julien Gauthier
Extra Defensemen
Normal : Josh Mahura, Joey Keane, Jonny Tychonick - PP : Josh Mahura - PK : Josh Mahura, Joey Keane
Penalty Shots
Eetu Luostarinen, Nick Paul, Reid Boucher, Morgan Geekie, Julien Gauthier
Custom OT Lines Forwards
Eetu Luostarinen, Nick Paul, Reid Boucher, Morgan Geekie, Julien Gauthier, Morgan Barron, Jake Leschyshyn, Axel Jonsson-Fjallby, Mitchell Stephens, Lukas Rousek
Custom OT Lines Defensemen
Ludwig Bystrom, Juuso Valimaki, Caleb Jones, Josh Mahura, Joey Keane

Scratches
Anders Bjork (Healthy), Alexander Khovanov (Healthy), Jaret Anderson-Dolan (Healthy), Matthew Benning (Upper Body Injury), Adam Ginning (Bruised Right Foot Injury)
Boris Katchouk (Healthy), Logan O'Connor (Broken Bone (Right Foot) Injury), Max Jones (Healthy), Nathan Bastian (Healthy), William Bitten (Healthy)
Jonatan Berggren (Healthy), John Beecher (Healthy), Juuso Parssinen (Healthy), Olle Eriksson Ek (Healthy), Karel Vejmelka (Healthy)

% Time on Ice - Icehogs

Lines # - Real PCT - Wanted PCT - Time Play
Normal Forward
1 - 35% - 40% - 17:51
2 - 31% - 30% - 15:49
3 - 22% - 20% - 11:34
4 - 12% - 10% - 6:22
Normal Defense
1 - 38% - 40% - 19:32
2 - 33% - 30% - 17:14
3 - 24% - 20% - 12:11
4 - 5% - 10% - 2:39
PP Forward
1 - 69% - 60% - 4:24
2 - 31% - 40% - 2:01
PP Defense
1 - 64% - 60% - 4:05
2 - 36% - 40% - 2:20
PK Forward
1 - 100% - 60% - 1:59
2 - 0% - 40% - 0:00
PK Defense
1 - 58% - 60% - 1:09
2 - 42% - 40% - 0:50
PK3 Forward
1 - 0% - 60%
2 - 0% - 40%
PK3 Defense
1 - 0% - 60%
2 - 0% - 40%
44 Forward
1 - 0% - 60%
2 - 0% - 40%
44 Defense
1 - 0% - 60%
2 - 0% - 40%
Last Minute Offensive  - 0:00
Last Minute Defensive  - 0:00
Total
Forward - 60:00
Defense - 60:00

% Time on Ice - Moose

Lines # - Real PCT - Wanted PCT - Time Play
Normal Forward
1 - 33% - 35% - 17:04
2 - 26% - 25% - 13:10
3 - 20% - 20% - 10:30
4 - 21% - 20% - 10:52
Normal Defense
1 - 36% - 40% - 18:38
2 - 31% - 30% - 15:57
3 - 25% - 20% - 12:39
4 - 8% - 10% - 4:22
PP Forward
1 - 55% - 60% - 1:05
2 - 45% - 40% - 0:54
PP Defense
1 - 55% - 60% - 1:06
2 - 45% - 40% - 0:53
PK Forward
1 - 82% - 60% - 5:02
2 - 18% - 40% - 1:05
PK Defense
1 - 62% - 60% - 3:46
2 - 38% - 40% - 2:21
PK3 Forward
1 - 100% - 60% - 0:18
2 - 0% - 40% - 0:00
PK3 Defense
1 - 100% - 60% - 0:18
2 - 0% - 40% - 0:00
44 Forward
1 - 0% - 60%
2 - 0% - 40%
44 Defense
1 - 0% - 60%
2 - 0% - 40%
Last Minute Offensive  - 0:00
Last Minute Defensive  - 0:00
Total
Forward - 60:00
Defense - 60:00

Play-by-Play

1st period


0:01 of 1st period - Reid Boucher wins face-off versus Andrew Poturalski in neutral zone.
0:26 of 1st period - Jeremy Davies is hit by Ludwig Bystrom and loses puck.
0:51 of 1st period - Snap shot by Lukas Rousek.
0:51 of 1st period - Stopped by Mackenzie Blackwood with a rebound.
0:53 of 1st period - Slapshot by Jonny Tychonick.
0:53 of 1st period - Stopped by Mackenzie Blackwood with a rebound.
0:55 of 1st period - Slapshot by Joey Keane.
0:55 of 1st period - Stopped by Mackenzie Blackwood without a rebound.
0:56 of 1st period - Riley Damiani wins face-off versus Ben Johnson in Icehogs zone.
2:09 of 1st period - Wrist shot by Nick Paul.
2:09 of 1st period - Stopped by Mackenzie Blackwood with a rebound.
2:11 of 1st period - Slapshot by Ludwig Bystrom.
2:11 of 1st period - Deflect By Ross Johnston.
2:11 of 1st period - Stopped by Mackenzie Blackwood without a rebound.
2:12 of 1st period - Riley Damiani wins face-off versus Ben Johnson in Icehogs zone.
2:13 of 1st period - Wrist shot by Axel Jonsson-Fjallby.
2:13 of 1st period - Shot Misses the Net.
2:46 of 1st period - Snap shot by Mikhail Grigorenko.
2:46 of 1st period - Stopped by Filip Gustavsson with a rebound.
2:48 of 1st period - Snap shot by Mikhail Grigorenko.
2:48 of 1st period - Shot Misses the Net.
2:50 of 1st period - Slapshot by Zach Whitecloud.
2:50 of 1st period - Stopped by Filip Gustavsson with a rebound.
3:02 of 1st period - Icing by Dillon Dube.
3:03 of 1st period - Jake Leschyshyn wins face-off versus Dillon Dube in Icehogs zone.
3:12 of 1st period - Snap shot by Jake Leschyshyn.
3:12 of 1st period - Stopped by Mackenzie Blackwood without a rebound.
3:13 of 1st period - Andrew Poturalski wins face-off versus Mitchell Stephens in Icehogs zone.
4:08 of 1st period - Wrist shot by Morgan Geekie.
4:08 of 1st period - Stopped by Mackenzie Blackwood without a rebound.
4:09 of 1st period - Jake Leschyshyn wins face-off versus Dillon Dube in Icehogs zone.
4:16 of 1st period - Jonny Tychonick is hit by Nikita Scherbak and loses puck.
4:35 of 1st period - Jonny Tychonick is hit by Gabriel Fortier and loses puck.
5:05 of 1st period - Wrist shot by Morgan Barron.
5:05 of 1st period - Shot Blocked by Nikita Okhotyuk.
5:07 of 1st period - Wrist shot by Lukas Rousek.
5:07 of 1st period - Shot Blocked by Nikita Okhotyuk.
5:09 of 1st period - Slapshot by Mitchell Stephens.
5:09 of 1st period - Deflect By Morgan Barron.
5:09 of 1st period - Moose goal is going for a video replay.
5:09 of 1st period - The goal is good.
5:09 of 1st period - Goal by Morgan Barron - Icehogs : 0 - Moose : 1.
5:10 of 1st period - Andrew Poturalski wins face-off versus Riley Damiani in neutral zone.
5:37 of 1st period - Icing by Reid Boucher.
5:38 of 1st period - Reid Boucher wins face-off versus Dillon Dube in Moose zone.
6:13 of 1st period - Slapshot by Reid Boucher.
6:13 of 1st period - Shot Blocked by Nikita Scherbak.
6:15 of 1st period - Snap shot by Eetu Luostarinen.
6:15 of 1st period - Shot Misses the Net.
6:17 of 1st period - Snap shot by Eetu Luostarinen.
6:17 of 1st period - Shot Blocked by Declan Chisholm.
6:19 of 1st period - Wrist shot by Reid Boucher.
6:19 of 1st period - Shot Misses the Net.
6:21 of 1st period - Wrist shot by Reid Boucher.
6:21 of 1st period - Stopped by Mackenzie Blackwood with a rebound.
6:23 of 1st period - Snap shot by Morgan Geekie.
6:23 of 1st period - Stopped by Mackenzie Blackwood with a rebound.
6:25 of 1st period - Slapshot by Joey Keane.
6:25 of 1st period - Shot Hit the Post.
6:27 of 1st period - Slapshot by Eetu Luostarinen.
6:27 of 1st period - Shot Misses the Net.
6:52 of 1st period - Wrist shot by Reid Boucher.
6:52 of 1st period - Shot Misses the Net.
6:54 of 1st period - Snap shot by Reid Boucher.
6:54 of 1st period - Goal by Reid Boucher - Icehogs : 0 - Moose : 2.
6:55 of 1st period - Jake Leschyshyn wins face-off versus Andrew Poturalski in neutral zone.
7:06 of 1st period - Slapshot by Mikhail Grigorenko.
7:06 of 1st period - Stopped by Filip Gustavsson with a rebound.
7:45 of 1st period - Slapshot by Maxim Letunov.
7:45 of 1st period - Stopped by Filip Gustavsson with a rebound.
8:35 of 1st period - Jonny Tychonick is hit by Dillon Dube.
8:47 of 1st period - Slapshot by Mikhail Grigorenko.
8:47 of 1st period - Stopped by Filip Gustavsson without a rebound.
8:48 of 1st period - Andrew Poturalski wins face-off versus Reid Boucher in Moose zone.
8:49 of 1st period - Wrist shot by Mikhail Grigorenko.
8:49 of 1st period - Shot Blocked by Eetu Luostarinen.
8:51 of 1st period - Snap shot by Mikhail Grigorenko.
8:51 of 1st period - Stopped by Filip Gustavsson without a rebound.
8:52 of 1st period - Jake Leschyshyn wins face-off versus Andrew Poturalski in Moose zone.
9:03 of 1st period - Snap shot by Ludwig Bystrom.
9:03 of 1st period - Goal by Ludwig Bystrom - Icehogs : 0 - Moose : 3.
9:04 of 1st period - Andrew Poturalski wins face-off versus Jake Leschyshyn in neutral zone.
9:11 of 1st period - Snap shot by Hudson Fasching.
9:11 of 1st period - Stopped by Filip Gustavsson without a rebound.
9:12 of 1st period - Jake Leschyshyn wins face-off versus Andrew Poturalski in Moose zone.
9:19 of 1st period - Calle Andersson is hit by Julien Gauthier.
9:27 of 1st period - Slapshot by Ludwig Bystrom.
9:27 of 1st period - Shot Blocked by Jeremy Davies.
10:00 of 1st period - Slapshot by Morgan Geekie.
10:00 of 1st period - Shot Blocked by Calle Andersson.
10:42 of 1st period - Wrist shot by Julien Gauthier.
10:42 of 1st period - Shot Misses the Net.
10:50 of 1st period - Snap shot by Julien Gauthier.
10:50 of 1st period - Shot Misses the Net.
10:52 of 1st period - Slapshot by Josh Mahura.
10:52 of 1st period - Stopped by Mackenzie Blackwood without a rebound.
10:53 of 1st period - Morgan Geekie wins face-off versus JJ. Piccinich in Icehogs zone.
11:05 of 1st period - Snap shot by Morgan Geekie.
11:05 of 1st period - Shot Misses the Net.
11:07 of 1st period - Wrist shot by Eetu Luostarinen.
11:07 of 1st period - Shot Misses the Net.
11:59 of 1st period - Jeremy Davies is hit by Nick Paul and loses puck.
12:22 of 1st period - Reid Boucher is hit by Hudson Fasching and loses puck.
12:43 of 1st period - Slapshot by Nikita Scherbak.
12:43 of 1st period - Shot Misses the Net.
12:45 of 1st period - Slapshot by Dillon Dube.
12:45 of 1st period - Shot Misses the Net.
12:47 of 1st period - Wrist shot by Declan Chisholm.
12:47 of 1st period - Deflect By Nils Hoglander.
12:47 of 1st period - Shot Misses the Net.
12:47 of 1st period - Puck is out of play.
12:48 of 1st period - Mitchell Stephens wins face-off versus Andrew Poturalski in Moose zone.
12:53 of 1st period - Juuso Valimaki is hit by Mikhail Grigorenko and loses puck.
13:12 of 1st period - Zach Whitecloud is hit by Juuso Valimaki and loses puck.
13:28 of 1st period - Icing by Juuso Valimaki.
13:29 of 1st period - Reid Boucher wins face-off versus Ben Johnson in Moose zone.
13:54 of 1st period - Snap shot by Hudson Fasching.
13:54 of 1st period - Shot Misses the Net.
14:18 of 1st period - Wrist shot by Morgan Geekie.
14:18 of 1st period - Deflect By Eetu Luostarinen.
14:18 of 1st period - Stopped by Mackenzie Blackwood with a rebound.
14:20 of 1st period - Slapshot by Eetu Luostarinen.
14:20 of 1st period - Shot Blocked by Declan Chisholm.
14:54 of 1st period - Snap shot by Maxim Letunov.
14:54 of 1st period - Shot Misses the Net.
14:56 of 1st period - Snap shot by Zach Whitecloud.
14:56 of 1st period - Shot Blocked by Caleb Jones.
14:58 of 1st period - Snap shot by Zach Whitecloud.
14:58 of 1st period - Stopped by Filip Gustavsson without a rebound.
14:59 of 1st period - Mikhail Grigorenko wins face-off versus Jake Leschyshyn in Moose zone.
15:10 of 1st period - Mikhail Grigorenko is hit by Joey Keane and loses puck.
15:25 of 1st period - Julien Gauthier is hit by Ben Johnson and loses puck.
15:34 of 1st period - Slapshot by Ben Johnson.
15:34 of 1st period - Shot Misses the Net.
16:00 of 1st period - Nick Paul is hit by Nils Hoglander and loses puck.
16:13 of 1st period - Hudson Fasching is hit by Jake Leschyshyn and loses puck.
16:40 of 1st period - Wrist shot by Hudson Fasching.
16:40 of 1st period - Shot Blocked by Ludwig Bystrom.
16:42 of 1st period - Snap shot by Mikhail Grigorenko.
16:42 of 1st period - Stopped by Filip Gustavsson without a rebound.
16:43 of 1st period - Dillon Dube wins face-off versus Reid Boucher in Moose zone.
16:44 of 1st period - Snap shot by Nikita Scherbak.
16:44 of 1st period - Shot Misses the Net.
17:01 of 1st period - Icing by Caleb Jones.
17:02 of 1st period - Reid Boucher wins face-off versus Ben Johnson in Moose zone.
18:25 of 1st period - Snap shot by JJ. Piccinich.
18:25 of 1st period - Stopped by Filip Gustavsson with a rebound.
18:47 of 1st period - Ross Johnston is hit by Eetu Luostarinen and loses puck.
18:52 of 1st period - Backhand shot by Morgan Geekie.
18:52 of 1st period - Stopped by Mackenzie Blackwood with a rebound.
19:13 of 1st period - Snap shot by Morgan Geekie.
19:13 of 1st period - Goal by Morgan Geekie - Icehogs : 0 - Moose : 4.
19:13 of 1st period - Oscar Dansk enters game.
19:14 of 1st period - Andrew Poturalski wins face-off versus Aliaksei Protas in neutral zone.
19:27 of 1st period - Mikhail Grigorenko is hit by Aliaksei Protas and loses puck.
Goals for this period are 0 for Icehogs vs 4 for Moose.
Shots for this period are 10 for Icehogs vs 16 for Moose.

2nd period


0:01 of 2nd period - Andrew Poturalski wins face-off versus Axel Jonsson-Fjallby in neutral zone.
0:04 of 2nd period - Snap shot by Hudson Fasching.
0:04 of 2nd period - Stopped by Filip Gustavsson without a rebound.
0:05 of 2nd period - Riley Damiani wins face-off versus Andrew Poturalski in Moose zone.
0:17 of 2nd period - Wrist shot by Axel Jonsson-Fjallby.
0:17 of 2nd period - Stopped by Oscar Dansk with a rebound.
0:19 of 2nd period - Wrist shot by Ludwig Bystrom.
0:19 of 2nd period - Shot Misses the Net.
0:21 of 2nd period - Slapshot by Ludwig Bystrom.
0:21 of 2nd period - Shot Misses the Net.
1:02 of 2nd period - Snap shot by Nick Paul.
1:02 of 2nd period - Shot Blocked by Zach Whitecloud.
1:38 of 2nd period - Wrist shot by Andrew Poturalski.
1:38 of 2nd period - Stopped by Filip Gustavsson without a rebound.
1:39 of 2nd period - Hudson Fasching wins face-off versus Riley Damiani in Moose zone.
1:44 of 2nd period - Wrist shot by Hudson Fasching.
1:44 of 2nd period - Shot Misses the Net.
1:46 of 2nd period - Minor Penalty to Aliaksei Protas for Tripping.
1:47 of 2nd period - Reid Boucher wins face-off versus Andrew Poturalski in Moose zone.
2:26 of 2nd period - Nick Paul is hit by Nils Hoglander.
2:38 of 2nd period - Snap shot by Jake Leschyshyn.
2:38 of 2nd period - Shot Misses the Net.
3:46 of 2nd period - Penalty to Aliaksei Protas is over, Aliaksei Protas is back on ice.
4:33 of 2nd period - Wrist shot by Axel Jonsson-Fjallby.
4:33 of 2nd period - Stopped by Oscar Dansk without a rebound.
4:34 of 2nd period - Maxim Letunov wins face-off versus Mitchell Stephens in Icehogs zone.
5:05 of 2nd period - Wrist shot by Juuso Valimaki.
5:05 of 2nd period - Stopped by Oscar Dansk without a rebound.
5:06 of 2nd period - Andrew Poturalski wins face-off versus Reid Boucher in Icehogs zone.
6:21 of 2nd period - Mikhail Grigorenko is hit by Juuso Valimaki and loses puck.
6:39 of 2nd period - Jeremy Davies is hit by Eetu Luostarinen and loses puck.
7:10 of 2nd period - Snap shot by Jake Leschyshyn.
7:10 of 2nd period - Shot Misses the Net.
7:36 of 2nd period - Off-side.
7:37 of 2nd period - Eetu Luostarinen wins face-off versus Andrew Poturalski in neutral zone.
8:04 of 2nd period - Off-side.
8:05 of 2nd period - Mitchell Stephens wins face-off versus Dillon Dube in neutral zone.
8:53 of 2nd period - Snap shot by Ben Johnson.
8:53 of 2nd period - Stopped by Filip Gustavsson without a rebound.
8:54 of 2nd period - Morgan Geekie wins face-off versus Ben Johnson in Moose zone.
9:20 of 2nd period - Snap shot by Andrew Poturalski.
9:20 of 2nd period - Stopped by Filip Gustavsson without a rebound.
9:21 of 2nd period - Jake Leschyshyn wins face-off versus Andrew Poturalski in Moose zone.
10:06 of 2nd period - Slapshot by Juuso Valimaki.
10:06 of 2nd period - Shot Misses the Net.
11:22 of 2nd period - Wrist shot by Jake Leschyshyn.
11:22 of 2nd period - Stopped by Oscar Dansk with a rebound.
12:14 of 2nd period - Wrist shot by Nikita Scherbak.
12:14 of 2nd period - Shot Hit the Post.
12:16 of 2nd period - Snap shot by Nils Hoglander.
12:16 of 2nd period - Stopped by Filip Gustavsson with a rebound.
12:26 of 2nd period - Snap shot by Nikita Scherbak.
12:26 of 2nd period - Deflect By Nils Hoglander.
12:26 of 2nd period - Stopped by Filip Gustavsson without a rebound.
12:27 of 2nd period - Mikhail Grigorenko wins face-off versus Reid Boucher in Moose zone.
12:41 of 2nd period - Off-side.
12:42 of 2nd period - Andrew Poturalski wins face-off versus Riley Damiani in neutral zone.
12:50 of 2nd period - Minor Penalty to Riley Damiani for Hooking.
12:51 of 2nd period - Andrew Poturalski wins face-off versus Reid Boucher in Moose zone.
12:55 of 2nd period - Snap shot by Hudson Fasching.
12:55 of 2nd period - Shot Blocked by Josh Mahura.
12:57 of 2nd period - Wrist shot by Mikhail Grigorenko.
12:57 of 2nd period - Shot Misses the Net.
12:59 of 2nd period - Wrist shot by Mikhail Grigorenko.
12:59 of 2nd period - Shot Misses the Net.
13:03 of 2nd period - Snap shot by Hudson Fasching.
13:03 of 2nd period - Goal by Hudson Fasching - Icehogs : 1 - Moose : 4.
13:04 of 2nd period - Reid Boucher wins face-off versus Andrew Poturalski in neutral zone.
13:31 of 2nd period - Josh Mahura is hit by Maxim Letunov and loses puck.
13:36 of 2nd period - Snap shot by Mitchell Chaffee.
13:36 of 2nd period - Stopped by Filip Gustavsson with a rebound.
13:38 of 2nd period - Wrist shot by Mitchell Chaffee.
13:38 of 2nd period - Shot Misses the Net.
13:40 of 2nd period - Slapshot by Nikita Okhotyuk.
13:40 of 2nd period - Shot Blocked by Lukas Rousek.
13:42 of 2nd period - Slapshot by Maxim Letunov.
13:42 of 2nd period - Deflect By Mitchell Chaffee.
13:42 of 2nd period - Shot Misses the Net.
13:42 of 2nd period - Puck is out of play.
13:43 of 2nd period - Andrew Poturalski wins face-off versus Riley Damiani in Moose zone.
13:44 of 2nd period - Wrist shot by Hudson Fasching.
13:44 of 2nd period - Stopped by Filip Gustavsson with a rebound.
14:35 of 2nd period - Snap shot by Nils Hoglander.
14:35 of 2nd period - Stopped by Filip Gustavsson with a rebound.
14:37 of 2nd period - Slapshot by Nils Hoglander.
14:37 of 2nd period - Stopped by Filip Gustavsson with a rebound.
14:39 of 2nd period - Snap shot by Nikita Scherbak.
14:39 of 2nd period - Stopped by Filip Gustavsson without a rebound.
14:40 of 2nd period - Andrew Poturalski wins face-off versus Axel Jonsson-Fjallby in Moose zone.
14:43 of 2nd period - Snap shot by Hudson Fasching.
14:43 of 2nd period - Stopped by Filip Gustavsson with a rebound.
14:45 of 2nd period - Slapshot by Calle Andersson.
14:45 of 2nd period - Stopped by Filip Gustavsson without a rebound.
14:46 of 2nd period - Andrew Poturalski wins face-off versus Riley Damiani in Moose zone.
15:01 of 2nd period - Wrist shot by Hudson Fasching.
15:01 of 2nd period - Goal by Hudson Fasching - Icehogs : 2 - Moose : 4.
15:02 of 2nd period - Andrew Poturalski wins face-off versus Reid Boucher in neutral zone.
15:06 of 2nd period - Minor Penalty to Ludwig Bystrom for Holding.
15:07 of 2nd period - Andrew Poturalski wins face-off versus Reid Boucher in Moose zone.
15:07 of 2nd period - Wrist shot by Mikhail Grigorenko.
15:07 of 2nd period - Shot Misses the Net.
15:09 of 2nd period - Slapshot by Calle Andersson.
15:09 of 2nd period - Goal by Calle Andersson - Icehogs : 3 - Moose : 4.
15:10 of 2nd period - Andrew Poturalski wins face-off versus Reid Boucher in neutral zone.
15:13 of 2nd period - Wrist shot by Mikhail Grigorenko.
15:13 of 2nd period - Shot Blocked by Eetu Luostarinen.
15:15 of 2nd period - Minor Penalty to Reid Boucher for Tripping.
15:16 of 2nd period - Andrew Poturalski wins face-off versus Julien Gauthier in Moose zone.
15:21 of 2nd period - Slapshot by Mikhail Grigorenko.
15:21 of 2nd period - Shot Misses the Net.
15:32 of 2nd period - Off-side.
15:33 of 2nd period - Julien Gauthier wins face-off versus Andrew Poturalski in neutral zone.
15:47 of 2nd period - Slapshot by Hudson Fasching.
15:47 of 2nd period - Goal by Hudson Fasching - Icehogs : 4 - Moose : 4.
15:48 of 2nd period - Andrew Poturalski wins face-off versus Reid Boucher in neutral zone.
16:15 of 2nd period - Morgan Barron is hit by Nils Hoglander and loses puck.
17:32 of 2nd period - Slapshot by Eetu Luostarinen.
17:32 of 2nd period - Stopped by Oscar Dansk with a rebound.
17:51 of 2nd period - Snap shot by Mikhail Grigorenko.
17:51 of 2nd period - Shot Blocked by Caleb Jones.
18:15 of 2nd period - Snap shot by Nick Paul.
18:15 of 2nd period - Shot Misses the Net.
18:17 of 2nd period - Wrist shot by Nick Paul.
18:17 of 2nd period - Goal by Nick Paul - Icehogs : 4 - Moose : 5.
18:18 of 2nd period - Mikhail Grigorenko wins face-off versus Eetu Luostarinen in neutral zone.
18:30 of 2nd period - Jeremy Davies is hit by Juuso Valimaki and loses puck.
19:09 of 2nd period - Ben Johnson is hit by Joey Keane and loses puck.
19:33 of 2nd period - Minor Penalty to Jonny Tychonick for Cross-checking.
19:34 of 2nd period - Reid Boucher wins face-off versus Andrew Poturalski in Moose zone.
19:46 of 2nd period - Slapshot by Hudson Fasching.
19:46 of 2nd period - Shot Blocked by Juuso Valimaki.
19:48 of 2nd period - Snap shot by Mikhail Grigorenko.
19:48 of 2nd period - Shot Misses the Net.
Goals for this period are 4 for Icehogs vs 1 for Moose.
Shots for this period are 17 for Icehogs vs 6 for Moose.

3rd period


0:01 of 3rd period - Reid Boucher wins face-off versus Hudson Fasching in neutral zone.
0:12 of 3rd period - Slapshot by Reid Boucher.
0:12 of 3rd period - Deflect By Eetu Luostarinen.
0:12 of 3rd period - Shot Misses the Net.
0:12 of 3rd period - Puck is out of play.
0:13 of 3rd period - Reid Boucher wins face-off versus Andrew Poturalski in Icehogs zone.
0:20 of 3rd period - Wrist shot by Andrew Poturalski.
0:20 of 3rd period - Goal by Andrew Poturalski - Icehogs : 5 - Moose : 5.
0:21 of 3rd period - Mikhail Grigorenko wins face-off versus Reid Boucher in neutral zone.
1:09 of 3rd period - Josh Mahura is hit by Maxim Letunov and loses puck.
1:18 of 3rd period - Snap shot by Mitchell Chaffee.
1:18 of 3rd period - Stopped by Filip Gustavsson without a rebound.
1:19 of 3rd period - Reid Boucher wins face-off versus Andrew Poturalski in Moose zone.
1:44 of 3rd period - Zach Whitecloud is hit by Aliaksei Protas and loses puck.
4:36 of 3rd period - Aliaksei Protas is hit by Ben Johnson and loses puck.
4:51 of 3rd period - Wrist shot by Lukas Rousek.
4:51 of 3rd period - Goal by Lukas Rousek - Icehogs : 5 - Moose : 6.
4:52 of 3rd period - Andrew Poturalski wins face-off versus Reid Boucher in neutral zone.
5:03 of 3rd period - Wrist shot by Juuso Valimaki.
5:03 of 3rd period - Shot Blocked by Jeremy Davies.
5:29 of 3rd period - Slapshot by Calle Andersson.
5:29 of 3rd period - Shot Misses the Net.
5:31 of 3rd period - Snap shot by Jeremy Davies.
5:31 of 3rd period - Stopped by Filip Gustavsson with a rebound.
5:39 of 3rd period - Slapshot by Mikhail Grigorenko.
5:39 of 3rd period - Shot Misses the Net.
5:41 of 3rd period - Slapshot by Jeremy Davies.
5:41 of 3rd period - Stopped by Filip Gustavsson without a rebound.
5:42 of 3rd period - Dillon Dube wins face-off versus Reid Boucher in Moose zone.
5:46 of 3rd period - Icing by Ludwig Bystrom.
5:47 of 3rd period - Dillon Dube wins face-off versus Reid Boucher in Moose zone.
6:12 of 3rd period - Backhand shot by JJ. Piccinich.
6:12 of 3rd period - Shot Misses the Net.
6:14 of 3rd period - Wrist shot by Ben Johnson.
6:14 of 3rd period - Stopped by Filip Gustavsson without a rebound.
6:15 of 3rd period - Ben Johnson wins face-off versus Mitchell Stephens in Moose zone.
6:40 of 3rd period - Calle Andersson is hit by Josh Mahura and loses puck.
6:47 of 3rd period - Wrist shot by Morgan Geekie.
6:47 of 3rd period - Stopped by Oscar Dansk with a rebound.
7:11 of 3rd period - Off-side.
7:12 of 3rd period - Reid Boucher wins face-off versus Andrew Poturalski in neutral zone.
7:12 of 3rd period - Reid Boucher is hit by Mikhail Grigorenko.
7:34 of 3rd period - Minor Penalty to Caleb Jones for Holding.
7:35 of 3rd period - Andrew Poturalski wins face-off versus Reid Boucher in Moose zone.
9:34 of 3rd period - Penalty to Caleb Jones is over, Caleb Jones is back on ice.
10:41 of 3rd period - Wrist shot by Axel Jonsson-Fjallby.
10:41 of 3rd period - Stopped by Oscar Dansk without a rebound.
10:42 of 3rd period - Riley Damiani wins face-off versus Dillon Dube in Icehogs zone.
11:07 of 3rd period - Eetu Luostarinen is hit by Maxim Letunov and loses puck.
11:15 of 3rd period - Off-side.
11:16 of 3rd period - Andrew Poturalski wins face-off versus Reid Boucher in neutral zone.
11:21 of 3rd period - Snap shot by Reid Boucher.
11:21 of 3rd period - Stopped by Oscar Dansk without a rebound.
11:22 of 3rd period - Reid Boucher wins face-off versus Andrew Poturalski in Icehogs zone.
11:29 of 3rd period - Backhand shot by Morgan Geekie.
11:29 of 3rd period - Goal by Morgan Geekie - Icehogs : 5 - Moose : 7.
11:30 of 3rd period - Reid Boucher wins face-off versus Andrew Poturalski in neutral zone.
11:35 of 3rd period - Slapshot by Ludwig Bystrom.
11:35 of 3rd period - Stopped by Oscar Dansk with a rebound.
11:37 of 3rd period - Wrist shot by Reid Boucher.
11:37 of 3rd period - Shot Misses the Net.
11:39 of 3rd period - Wrist shot by Eetu Luostarinen.
11:39 of 3rd period - Stopped by Oscar Dansk with a rebound.
11:41 of 3rd period - Slapshot by Juuso Valimaki.
11:41 of 3rd period - Shot Misses the Net.
11:51 of 3rd period - Minor Penalty to Hudson Fasching for Roughing.
11:52 of 3rd period - Mikhail Grigorenko wins face-off versus Reid Boucher in Icehogs zone.
11:52 of 3rd period - Mikhail Grigorenko is hit by Eetu Luostarinen.
13:41 of 3rd period - Mikhail Grigorenko is hit by Caleb Jones and loses puck.
13:51 of 3rd period - Penalty to Hudson Fasching is over, Hudson Fasching is back on ice.
13:56 of 3rd period - Slapshot by Gabriel Fortier.
13:56 of 3rd period - Stopped by Filip Gustavsson without a rebound.
13:57 of 3rd period - Dillon Dube wins face-off versus Jake Leschyshyn in Moose zone.
14:20 of 3rd period - Jonny Tychonick is hit by Gabriel Fortier and loses puck.
15:11 of 3rd period - Reid Boucher is hit by Calle Andersson and loses puck.
15:46 of 3rd period - Snap shot by Gabriel Fortier.
15:46 of 3rd period - Stopped by Filip Gustavsson with a rebound.
15:48 of 3rd period - Snap shot by Gabriel Fortier.
15:48 of 3rd period - Stopped by Filip Gustavsson with a rebound.
16:44 of 3rd period - Slapshot by Declan Chisholm.
16:44 of 3rd period - Deflect By Ross Johnston.
16:44 of 3rd period - Shot Blocked by Julien Gauthier.
16:44 of 3rd period - Puck is out of play.
16:45 of 3rd period - Jake Leschyshyn wins face-off versus Andrew Poturalski in Moose zone.
17:52 of 3rd period - Slapshot by Juuso Valimaki.
17:52 of 3rd period - Deflect By Riley Damiani.
17:52 of 3rd period - Goal by Riley Damiani - Icehogs : 5 - Moose : 8.
17:53 of 3rd period - Andrew Poturalski wins face-off versus Reid Boucher in neutral zone.
17:56 of 3rd period - Morgan Geekie is hit by Jeremy Davies and loses puck.
18:45 of 3rd period - Slapshot by Jeremy Davies.
18:45 of 3rd period - Shot Blocked by Lukas Rousek.
19:07 of 3rd period - Minor Penalty to Riley Damiani for Roughing.
19:08 of 3rd period - Andrew Poturalski wins face-off versus Reid Boucher in Moose zone.
19:08 of 3rd period - Wrist shot by Hudson Fasching.
19:08 of 3rd period - Shot Blocked by Eetu Luostarinen.
19:10 of 3rd period - Slapshot by Zach Whitecloud.
19:10 of 3rd period - Shot Misses the Net.
19:41 of 3rd period - Minor Penalty to Jake Leschyshyn for Interference.
19:42 of 3rd period - Reid Boucher wins face-off versus Andrew Poturalski in Moose zone.
Goals for this period are 1 for Icehogs vs 3 for Moose.
Shots for this period are 8 for Icehogs vs 8 for Moose.